[Event "Rapid Shavuot-A 2023"]
[Site "Ramat Gan"]
[Date "2023.05.25"]
[Round "5.7"]
[White "Yaniv, Ori"]
[Black "Bronstein, Or"]
[Result "1-0"]
[ECO "B46"]
[WhiteElo "2156"]
[BlackElo "2463"]
[Annotator "TA"]
[PlyCount "59"]
[EventDate "2023.05.19"]
[EventType "swiss"]
[EventCountry "ISR"]
[SourceTitle "playchess.com"]
[Source "ChessBase"]
[SourceQuality "1"]
[TimeControl "900+5"]

1. e4 c5 2. Nf3 Nc6 3. d4 cxd4 4. Nxd4 e6 5. Nc3 a6 6. g3 Nf6 7. Bg2 {[%emt 0:00:03] B46: Sicilian: Taimanov: 5 Nc3 a6.} Be7 8. O-O h5 9. Nxc6 {[%emt 0:01:07] White is slightly better.} bxc6 10. e5 {[%emt 0:00:01] White is more active.} Ng4 {[%emt 0:00:57] [#]} 11. Qe2 $146 (11. Re1 $1 $16) ({Predecessor:} 11. Qd4 Qa5 12. Ne4 Qxe5 13. Qd3 Qf5 14. Qe2 d5 15. Nc3 a5 16. h3 Ba6 17. Qd1 {0-1 Bodnaruk,A (2423)-Elgersma,O (2298) Titled Tuesday intern op 29th Dec blitz 2020 (3)}) 11... a5 $1 $11 12. Na4 Ba6 13. c4 Qb8 14. Re1 {[%emt 0:00:32] Hoping for b3.} Bb4 {[%emt 0:00:24][%cal Oa6c4] [#] ...Bxc4! is the strong threat.} 15. Nc3 Bc5 16. Ne4 Bd4 (16... Qxe5 $2 17. Bf4 Qf5 18. h3 $18) 17. Rb1 {[%emt 0:07:46] Threatens to win with b3.} (17. Nd6+ Kf8 18. Ne4 Qb4 $11) 17... Bxe5 (17... Qxe5 $2 18. Bf4 Bxf2+ 19. Qxf2 $18 (19. Nxf2 Qxe2 20. Rxe2 Bxc4 $14) (19. Nxf2 Qxe2 20. Rxe2 Bxc4 $14)) 18. h3 Nf6 19. Bg5 (19. b3 $5) 19... Nxe4 20. Qxe4 f6 21. f4 (21. Rbd1 $11 fxg5 22. Qxe5 (22. Qg6+ Ke7 $17) 22... Qxe5 23. Rxe5) 21... Qa7+ (21... Bxb2 $15 22. Re2 Qa7+ 23. Kh1 Bc3) 22. Kh2 {[%emt 0:00:12] Qg6+ would be deadly.} Bd4 23. Red1 $36 {[%emt 0:00:34][%mdl 2048] White has good play.} fxg5 24. Rxd4 {[%emt 0:00:08] aiming for f5.} O-O (24... h4 {with more complications.} 25. gxh4 gxh4 26. f5 Qc7+) 25. Rbd1 (25. fxg5 $14 Rae8 26. b3) 25... Rf7 $2 (25... gxf4 $1 $11 {and Black is okay.} 26. Rxd7 Qe3 27. gxf4 (27. Qxc6 Qxg3+ 28. Kh1 f3 $17) 27... Qxe4 28. Bxe4 Bxc4) 26. fxg5 $18 {[%emt 0:00:14][%cal Bf4g5,Bg5g6][%mdl 32] Strongly threatening g6.} Re8 $2 (26... Raf8 {is a better defense.} 27. g6 {[%mdl 64] Deflection} Rf6 28. Rxd7 Qb8) 27. g6 Rfe7 28. Qe5 {[%emt 0:00:00][%csl LRa5,LRh5] White mates.} h4 29. Qh5 hxg3+ 30. Kh1 {[%emt 0:00:03] Weighted Error Value: White=0.20 (precise) /Black=0.59} 1-0

[Event "Rapid Shavuot-A 2023"]
[Site "Ramat Gan"]
[Date "2023.05.25"]
[Round "5.8"]
[White "Levin, Guy"]
[Black "Noy, Eyal"]
[Result "1/2-1/2"]
[ECO "D02"]
[WhiteElo "2424"]
[BlackElo "2141"]
[Annotator "TA"]
[PlyCount "233"]
[EventDate "2023.05.19"]
[EventType "swiss"]
[EventCountry "ISR"]
[SourceTitle "playchess.com"]
[Source "ChessBase"]
[SourceQuality "1"]
[TimeControl "900+5"]

1. d4 Nf6 2. Nf3 e6 3. Bf4 c5 4. e3 Nc6 5. Nbd2 d5 6. c3 Bd6 7. Ne5 O-O 8. Bd3 Qe7 9. h4 h6 10. g4 Nd7 11. Ndf3 cxd4 12. exd4 Bxe5 13. Nxe5 Ndxe5 14. dxe5 f6 15. exf6 Qxf6 16. Be3 Ne5 17. g5 Nxd3+ 18. Qxd3 Qf3 19. Rg1 h5 20. Kd2 e5 21. Rg3 Qe4 22. Qxe4 dxe4 23. g6 Bg4 24. Rag1 Bf3 25. Rg5 Rfe8 26. Rf5 Re7 27. Rgg5 Rae8 28. Bxa7 Bg4 29. Rxh5 Bxh5 30. Rxh5 Re6 31. Bc5 Rxg6 32. Ke3 Rg4 (32... b6 $5 33. Bb4 Rf6 $15) 33. Bd6 Kf7 34. c4 Kg6 (34... Kf6 $5 ) 35. Rxe5 Rxe5 36. Bxe5 Rxh4 37. b4 (37. Bg3 $11 Rh1 38. Kxe4) 37... Rg4 ({Better is} 37... Kf5 $1 $17 38. Bd6 Rh3+ 39. Bg3 Rh1) 38. a4 Kf5 39. Bg3 Rg6 (39... Ke6 $11) 40. a5 ({White should try} 40. b5 $1 $14 Rh6 41. a5) 40... Rc6 (40... Ra6 $1 $11) 41. c5 (41. Kd4 $1 $16) 41... Rc8 $2 {[%emt 0:00:02] [#]} (41... Ra6 $11) 42. Bd6 $2 (42. Kd4 $1 $18 {b5 is the strong threat.} Rd8+ 43. Bd6) 42... Ra8 $11 43. Bc7 Rc8 44. Bb6 Ke5 45. b5 Kd5 $1 46. a6 bxa6 47. bxa6 Rf8 (47... Ra8 $5 48. a7 $8 g5 $11) 48. a7 Rf3+ 49. Ke2 Ra3 50. Kf1 Ra2 51. Kg1 Kc6 52. Kf1 Kb7 53. Kg1 Kc6 54. Kf1 Kd5 55. Kg1 Ke5 (55... Kc6 56. Kf1 $17) 56. c6 Kd6 57. c7 Kd7 58. Kg2 e3 59. Bxe3 Kxc7 60. Kg3 Kd7 61. Kg4 Ke6 62. Kg5 $1 Kf7 63. Kf5 Ra5+ 64. Ke4 Ke6 65. Kf4 g6 66. Bb6 Ra6 67. Kg5 Kd5 68. f4 Ke4 (68... Rxb6 69. a8=Q+ (69. a8=B+ Kd4 $11) 69... Ke6 70. Qe8+ Kd5 71. Qe5+ Kc4 72. Qc7+ Kb5 73. Qxb6+ Kxb6 74. Kxg6) 69. Kg4 Ra1 (69... Rxb6 70. a8=Q+ (70. a8=B+ Kd4 $11) 70... Kd4 71. Qd8+ Kc5 72. Qxb6+ Kxb6 73. Kg5 Kc7 74. Kxg6) (69... Ra3 $5) 70. Kg5 Ra6 71. Kg4 Kd3 (71... Rxb6 {gets mated.} 72. a8=Q+ (72. a8=B+ Kd4 $11) 72... Kd4 73. Qd8+ Kc5 74. Qxb6+ Kxb6 75. Kg5 Kc5 76. Kxg6) (71... Kd5 $5) 72. Kf3 Ra3 73. Bc5 Ra1 74. Kg4 Ke4 75. Kg5 $1 Ra5 76. Kg4 (76. Kxg6 {simplifies} Kxf4 77. Kf6 Rxa7 78. Bxa7 Kf3 79. Kf7) 76... Ra4 77. Bb6 Ra6 78. Kg5 Kd5 79. Bg1 Ra2 {[%emt 0:00:07] [#]} (79... Ra1 $11 80. Bf2 Ke4) 80. Bf2 (80. Kxg6 $1 $16 {White threatens f5 and mate.} Kc6 81. Kf5) 80... Ke4 81. Bc5 Kf3 82. Bb6 Ra6 83. Bc5 Ra5 84. f5 $1 gxf5 (84... Rxa7 {simplifies} 85. Bxa7 gxf5 86. Kxf5 Kg2) 85. Bb6 Ra6 (85... Rxa7 {simplifies} 86. Bxa7 Ke4 87. Bc5 f4) 86. Kxf5 Ke2 (86... Kg2 {simplifies} 87. Ke5 Rxa7 88. Bxa7 Kf3) 87. Ke4 $1 Kd2 88. Kd5 Kc3 (88... Rxa7 {simplifies} 89. Bxa7 Ke2 90. Bc5 Kf1) 89. Kc6 (89. Kc5 {simplifies} Rxa7 90. Bxa7 Kd3 91. Bb8) 89... Kc4 (89... Rxa7 {simplifies} 90. Bxa7 Kb3 91. Be3 Ka4) 90. Kb7 (90. Kc7 {simplifies} Kb5 91. Bd4 Rxa7+ 92. Bxa7 Kb4 93. Kc6) 90... Kb5 (90... Rxa7+ {simplifies} 91. Kxa7 Kb3 92. Bd4 Kc2) 91. Bg1 Rg6 92. Bd4 ({Much weaker is} 92. a8=N Rxg1 93. Nc7+ Kc5 $15) 92... Re6 93. Bc5 (93. a8=Q $5 Re7+ $8 94. Kc8 Re8+ 95. Kb7 Rxa8 96. Kxa8 $11) 93... Rg6 94. Bd6 Rg7+ 95. Bc7 Rg8 96. Be5 (96. a8=Q {simplifies} Rxa8 97. Kxa8 Kc4 98. Be5) 96... Rf8 97. Bd6 Rf7+ 98. Bc7 (98. Kb8 {simplifies} Rxa7 99. Kxa7 Ka4 100. Be7) 98... Rf8 99. Bh2 (99. a8=Q {simplifies} Rxa8 100. Kxa8 Kc6 101. Kb8) 99... Rf7+ 100. Bc7 Rf8 101. a8=N Kc5 102. Nb6 $1 Rf7 103. Na4+ Kb5 104. Nc3+ $1 Kc4 105. Ne4 Kd5 106. Nc3+ Kd4 107. Nb5+ $1 Kc5 108. Nd6 Rh7 109. Ne4+ Kc4 110. Nd6+ Kd5 111. Ne8 Rf7 112. Kb6 Re7 113. Nf6+ Ke6 114. Ne4 Kd7 115. Nc5+ $1 Kc8 116. Bd6 Rc7 117. Bxc7 1/2-1/2

[Event "Rapid Shavuot-A 2023"]
[Site "Ramat Gan"]
[Date "2023.05.25"]
[Round "5.9"]
[White "Poleg, Dan"]
[Black "Mesropov, Konstantin"]
[Result "1/2-1/2"]
[ECO "A44"]
[WhiteElo "2193"]
[BlackElo "2437"]
[Annotator "TA"]
[PlyCount "77"]
[EventDate "2023.05.19"]
[EventType "swiss"]
[EventCountry "ISR"]
[SourceTitle "playchess.com"]
[Source "ChessBase"]
[SourceQuality "1"]
[TimeControl "900+5"]

1. d4 c5 2. d5 e5 3. e4 d6 4. c4 Be7 5. Nc3 Bg5 6. Nge2 Bxc1 {[%emt 0:00:05] A44: Semi-Benoni.} 7. Rxc1 Ne7 8. Ng3 O-O {[%emt 0:00:07] White is slightly better.} 9. Bd3 Nd7 {[%emt 0:00:44] [#]} 10. h4 $146 ({Predecessor:} 10. O-O Ng6 11. Nce2 Nf4 12. Nxf4 exf4 13. Nf5 Ne5 14. g3 f3 15. Re1 Qf6 16. Rc3 {0-1 Mohnblatt,D (1903)-Weill,S (2090) FRA-chT2B 0506 2005 (6.8)}) 10... Nf6 11. h5 h6 12. Qc2 a6 13. a3 Bd7 14. f3 Nh7 15. Nd1 b5 16. Ne3 Rb8 17. Qd2 b4 18. Kf2 a5 19. Nc2 (19. Bc2 $11) 19... f5 $17 20. exf5 Nxf5 21. Nxf5 (21. Bxf5 $17 {was forced.} Bxf5 22. axb4 Bxc2 23. Qxc2 Rxb4 24. b3) 21... Bxf5 $19 22. axb4 axb4 23. Bxf5 Rxf5 24. Ne3 Rf4 25. g3 Rf7 {[%emt 0:00:45] And now ...Ng5 would win.} 26. Kg2 Qg5 (26... Qe7 $19 {Strongly threatening ...Ng5.} 27. Rcf1 Rbf8) 27. Rh4 $17 Rf4 (27... Qe7 $17 {...Ng5 would be deadly.} 28. Ng4 Ng5) 28. Rxf4 (28. Rg4 $1 $11 Rxg4 29. fxg4) 28... exf4 29. Ng4 Rf8 ({Black should try} 29... Qxh5 $17 {aiming for ...fxg3.} 30. Qxf4 Ng5) 30. Re1 (30. Rh1 $1 $15) 30... Qxh5 $19 (30... fxg3 31. Qxg5 Nxg5 32. Re3 $11) 31. gxf4 Nf6 $1 32. Qe2 (32. Nxf6+ $142 Rxf6 33. Re6) 32... Kh7 $2 (32... Kh8 $1 $19 {Threatens to win with ...Re8.} 33. Rg1 Re8) 33. Qe6 $11 Qg6 {[%emt 0:00:43] White must now prevent ...Re8.} 34. Qxd6 Qc2+ 35. Nf2 Qg6+ {[%emt 0:00:15] [#]} (35... Ra8 $11 {keeps the balance.}) 36. Ng4 {[%emt 0:00:01] White is more active.} Qc2+ 37. Nf2 (37. Kh3 $11 Qb3 38. Ne5 (38. Qxf8 {is a self mate.} Qxf3+ 39. Kh2 Nxg4+ 40. Kg1 Qg3+ 41. Kh1 Qh2#) (38. Re3 Qxc4 39. Qxf8 Qf1+ 40. Kh4 Qh1+ 41. Kg3 Qg1+ 42. Kh3 Qf1+ 43. Kh4 Qh1+ 44. Kg3 Qg1+ 45. Kh3 Qf1+ $11)) 37... Qg6+ $16 {[%emt 0:00:12] [#]} 38. Ng4 Qc2+ $11 39. Nf2 {[%emt 0:00:03] And White is the lucky defender.   Weighted Error Value: White=0.36/Black=0.26 (precise)} 1/2-1/2

[Event "Rapid Shavuot-A 2023"]
[Site "Ramat Gan"]
[Date "2023.05.25"]
[Round "5.10"]
[White "Kochavi, Ori"]
[Black "Dezent, Eyal"]
[Result "1/2-1/2"]
[ECO "B12"]
[WhiteElo "2423"]
[BlackElo "1773"]
[Annotator "TA"]
[PlyCount "113"]
[EventDate "2023.05.19"]
[EventType "swiss"]
[EventCountry "ISR"]
[SourceTitle "playchess.com"]
[Source "ChessBase"]
[SourceQuality "1"]
[TimeControl "900+5"]

1. e4 c6 2. Nf3 d5 3. e5 Bf5 4. Be2 e6 5. O-O Ne7 6. d4 c5 7. dxc5 Nec6 {[%emt 0:00:25] B12: Caro-Kann: Advance Variation.} 8. c4 d4 {[%emt 0:00:36] [#]} 9. Qa4 $146 (9. Bd3 $11) ({Predecessor:} 9. Qb3 d3 10. Rd1 Nd7 11. Qxb7 dxe2 12. Rxd7 Qxd7 13. Qxa8+ Nd8 14. Bd2 Bxc5 15. Nc3 {0-1 Lawson,E (2328)-Melkumyan,H (2645) Titled Tuesday intern op 28th Feb Late blitz 2023 (5)}) 9... Bxc5 {[%emt 0:00:58] Black is better.} 10. a3 (10. Qb5 $142 Qb6 11. Bf4) 10... O-O $17 11. Bg5 Qc7 12. b4 Be7 (12... d3 $17 13. Bd1 Bd4 14. Nxd4 Nxd4) 13. Bxe7 $15 Qxe7 (13... Nxe7 $15 14. Nxd4 Nbc6) 14. Rd1 Nd7 15. Nxd4 Nxd4 (15... Ncxe5 16. Nxf5 exf5 17. Nc3 $14) 16. Rxd4 Nxe5 17. Nc3 Rfd8 (17... Qf6 $15 18. Rdd1 Nxc4 19. Bxc4 Qxc3) 18. Rxd8+ $1 $14 Qxd8 19. Rd1 {[%emt 0:00:01] Dodges Qd4} Qf6 20. Nb5 h5 21. Nc7 (21. Nd6 $14) 21... Rc8 22. Qxa7 (22. Ne8 $5 Qg6 23. Nd6 $11) 22... Be4 (22... Bd3 $11 23. Bxd3 (23. Qxb7 $2 Bxe2 24. Qxc8+ Kh7 $19) 23... Nxd3) 23. f3 (23. Qe3 $1 $14) 23... Nxf3+ $11 {[%emt 0:01:18][%mdl 64] Demolition} (23... Bxf3 $2 24. gxf3 Qf4 25. Kh1 Nxc4 26. Nb5 $18 (26. Qxb7 Rxc7 27. Qb8+ Kh7 $11)) 24. Bxf3 ({Reject} 24. gxf3 Bxf3 25. Bxf3 Qxf3 $15) 24... Bxf3 25. gxf3 Qxf3 26. Rd7 Qc6 ({Better is} 26... e5 $1 $17 {And now ...Qg4+ would win.} 27. Qa4 (27. Rd2 $2 Qg4+ 28. Rg2 Qd1+ 29. Kf2 Qd2+ 30. Kf1 Qd1+ 31. Kf2 Qd2+ 32. Kf1 Qc1+ 33. Kf2 Qxc4 $19) 27... h4) 27. Qd4 Rxc7 {[%emt 0:00:12][%mdl 4096] Endgame KQR-KQR} 28. Rd8+ Kh7 29. Qd3+ f5 30. Qh3 {[%emt 0:00:06] Active counter play!} (30. Qe2 $11 Kg6 31. c5) 30... g6 (30... Qxc4 $2 31. Qxh5#) 31. Qc3 Rg7 $1 (31... Qxc4 $2 32. Rh8#) 32. c5 Qe4 33. Qd4 (33. Qf6 $142) 33... Qxd4+ $4 (33... Qe1+ $17 {keeps the pressure on.} 34. Kg2 e5) 34. Rxd4 $17 {[%emt 0:00:01] KR-KR} e5 35. Rc4 e4 (35... Kg8 $16) 36. b5 $18 e3 $2 (36... Re7) 37. c6 $2 (37. b6 $18 Rd7 38. Kf1) 37... bxc6 $11 38. Rxc6 {[%emt 0:00:04] [#]} (38. b6 $11 {and White stays safe.}) 38... Ra7 $2 (38... Rd7 $1 $19 {[%cal Rd7d1] Threatens to win with ...Rd1+.} 39. Kg2 Rd2+ {[%mdl 64] Deflection} 40. Kf3 Rxh2) 39. Rc3 $1 f4 (39... Rb7 $11 {keeps the balance.}) 40. b6 $16 Ra8 (40... Ra5 $16 41. Rb3 Rg5+ 42. Kf1 f3 43. Rxe3 (43. b7 e2+ 44. Kf2 Rg2+ 45. Kxf3 e1=Q 46. Kxg2 Qe2+ 47. Kg3 h4+ 48. Kf4 Qc4+ 49. Kg5 Qxb3 50. Kxh4 Qxb7 51. Kg3 Qe4 52. a4 Kh6 53. a5 Kg5 54. a6 Qe3+ 55. Kg2 Kf4 56. a7 Qxa7 57. Kh1 Qf2 58. h4 Kg3 59. h5 Qh2#) 43... Rb5) 41. h4 $2 ({White must play} 41. b7 $18 Rd8 42. Rc8 Rd1+ 43. Kg2 Rd2+ 44. Kh3) 41... g5 42. hxg5 {[%emt 0:00:06][%mdl 8192] [#]} (42. b7 $11 {and White has nothing to worry.} Rb8 43. Rc7+ Kg6 44. a4 gxh4 45. a5) 42... Kg6 $2 (42... Re8 $1 $19 {( -> ...e2)} 43. Rc1 f3) 43. Kg2 $11 {[%emt 0:00:13] The position is equal.} (43. b7 {seems wilder.} Rb8 44. Rc7 h4 45. a4) 43... Kxg5 44. Kf3 (44. b7 $5 Rb8 $8 45. Rc7 $15) 44... Re8 45. Rc5+ Kf6 46. Rc6+ Kf5 47. Rc5+ Kf6 48. Rc2 {[%emt 0:00:43][%cal Oa3a4] a4! is the strong threat.} Rb8 49. Rb2 Ke5 50. a4 {[%emt 0:00:03][%cal Ba3a4,Ba4a5][%mdl 32] a5 would be deadly.} Kd6 51. a5 {[%emt 0:00:04][%cal Oa5a6] Black must now prevent a6!} Kc6 $1 52. Kxf4 Re8 53. Re2 Kb5 54. Rxe3 Rf8+ 55. Ke5 Kxa5 56. Rb3 {[%emt 0:00:07] White wants to mate with b7.} Rb8 57. Kf4 {[%emt 0:00:15] Weighted Error Value: White=0.49/Black=0.49} 1/2-1/2

[Event "Rapid Shavuot-A 2023"]
[Site "Ramat Gan"]
[Date "2023.05.25"]
[Round "5.11"]
[White "Zemach, Nadav"]
[Black "Uritsky, Yonathan"]
[Result "1/2-1/2"]
[ECO "A43"]
[WhiteElo "2383"]
[BlackElo "2118"]
[Annotator "TA"]
[PlyCount "107"]
[EventDate "2023.05.19"]
[EventType "swiss"]
[EventCountry "ISR"]
[SourceTitle "playchess.com"]
[Source "ChessBase"]
[SourceQuality "1"]
[TimeControl "900+5"]

1. d4 Nf6 2. Nf3 c5 3. d5 g6 4. Nc3 Bg7 5. e4 d6 6. Be2 O-O 7. O-O e6 8. h3 exd5 {[%emt 0:00:17] A43: Schmid Benoni.} 9. exd5 Nbd7 10. Bf4 Nb6 11. a4 {[%emt 0:00:05] [#]} a5 $146 ({Predecessor:} 11... Re8 12. Bb5 Bd7 13. Qd3 Bxb5 14. axb5 Qd7 15. Nd2 Rec8 16. Nc4 Nxc4 17. Qxc4 Nh5 {0-1 Lucas,M (2086)-Speck,J (1433) Norderstedt op 2013 (4)}) 12. Re1 Re8 13. Bh2 Ne4 14. Nxe4 Rxe4 15. c3 Bd7 16. Bb5 (16. Bxd6 Bxa4 17. Rxa4 Nxa4 $17) (16. Qc2 $11 Rxa4 17. Rad1 (17. Bxd6 $2 Bf5 $19)) 16... Rxe1+ $17 17. Qxe1 Bxb5 $1 (17... Nxd5 $6 18. Rd1 Nc7 19. Rxd6 (19. Bxd6 Nxb5 20. axb5 Bxb5 $11) 19... Nxb5 20. axb5 $11) 18. axb5 Qd7 (18... Nxd5 19. Rd1 Nf6 20. Rxd6 $14 (20. Bxd6 Qb6 $11)) 19. Qe2 Re8 (19... Nxd5 $6 20. Rd1 Re8 21. Qf1 $11) 20. Qc2 Qxb5 {[%emt 0:01:03] Threatens to win with ...Re2.} ({Of course not} 20... Nxd5 $6 21. Qd3 Nb6 22. Rxa5 $15) 21. Bxd6 Nxd5 22. c4 Qc6 ({Reject} 22... Qxb2 23. Qxb2 Bxb2 24. Rxa5 $11) 23. cxd5 Qxd6 24. Rxa5 Bd4 ({But not} 24... Qxd5 $6 25. Rxc5 Qd6 26. Rc8 $11) 25. Qd2 Qxd5 26. Rb5 Re7 ({Black should play} 26... Re4 $17 {Strongly threatening ...Qc4.} 27. Nxd4 Rxd4) 27. b4 (27. Qxd4 $11 Qxd4 28. Nxd4 cxd4 29. Kf1) 27... Qc4 ({Black should try} 27... Qc6 $17 28. Nxd4 cxd4) 28. Nxd4 $11 Qxd4 29. Qxd4 cxd4 {[%emt 0:00:02][%mdl 4096] Endgame KR-KR} 30. Rd5 Re4 31. f3 Rf4 32. Kf2 {[%emt 0:00:50] [#]} d3 $1 33. b5 (33. Rb5 d2) 33... Rb4 $1 34. Ke3 Rb3 35. h4 Kg7 (35... Kf8 $15) 36. Rxd3 (36. g4 $11 {keeps the balance.}) 36... Rxb5 $17 37. Rd6 h5 38. g4 Rb4 39. gxh5 gxh5 40. Rd5 Kg6 41. Rg5+ Kh6 42. Rf5 Rxh4 43. Rxf7 {[%emt 0:00:02] [#]} Rb4 $1 44. f4 $2 (44. Rd7 $17 {is a better chance.}) 44... h4 $19 45. Kf3 {[%emt 0:00:05] [#]} (45. Kf2 $142 Rb2+ 46. Kg1) 45... h3 $1 46. Kg3 Rb3+ 47. Kh2 b5 $2 (47... Kg6 $19 48. Rf8 b5) 48. f5 $2 (48. Rf5 $11) 48... b4 $2 (48... Kg5 $19 49. Rf8 b4) 49. f6 $2 (49. Re7 $11) 49... Kg6 (49... Kg5 $142 50. Rf8 Kg6 51. Rg8+ Kxf6) 50. Rf8 Rf3 $2 (50... Kf5 $19 51. Kh1 Rb2) 51. Rb8 $11 {[%emt 0:00:08] The position is equal.} b3 52. Rb6 Kg5 53. f7 {[%emt 0:00:06][%mdl 64] Deflection} Rxf7 {[%emt 0:00:14] ...Rf3 is the strong threat.} 54. Rxb3 {[%emt 0:00:02] Weighted Error Value: White=0.85/Black=0.56} 1/2-1/2

[Event "Rapid Shavuot-A 2023"]
[Site "Ramat Gan"]
[Date "2023.05.25"]
[Round "5.12"]
[White "Lebedinsky, Eduard"]
[Black "Andreev, Dmitri"]
[Result "0-1"]
[ECO "A58"]
[WhiteElo "2122"]
[BlackElo "2166"]
[Annotator "NA RC"]
[PlyCount "144"]
[EventDate "2023.05.19"]
[EventType "swiss"]
[EventCountry "ISR"]
[SourceTitle "playchess.com"]
[Source "ChessBase"]
[SourceQuality "1"]
[TimeControl "900+5"]

1. d4 Nf6 2. c4 c5 3. d5 b5 4. cxb5 a6 5. bxa6 g6 6. Nc3 Bg7 7. e4 O-O 8. e5 Ne8 9. Nf3 d6 10. Bf4 Bg4 11. exd6 Nxd6 12. Be2 Nxa6 13. O-O Bxf3 14. Bxf3 Rb8 15. Qe2 Qb6 16. Nd1 Rb7 17. Rc1 Qa5 18. a3 Nf5 19. d6 Nd4 20. Qe4 Rd7 21. dxe7 Re8 22. Qd3 Rdxe7 23. b4 cxb4 24. Bd6 Rd7 25. Bxb4 Nxb4 26. axb4 Qxb4 27. Qc4 Qd2 28. Ne3 Nxf3+ 29. gxf3 Qb2 30. Rcd1 Rxd1 31. Rxd1 Qf6 32. Kg2 h5 33. f4 Bh6 34. Rd4 Kg7 35. Nd5 Qf5 36. f3 h4 37. h3 Re1 38. Re4 Rxe4 39. Qxe4 Qxe4 40. fxe4 f5 41. e5 Kf7 42. Kf3 Bf8 43. Ke3 Ke6 44. Nf6 Be7 45. Nh7 Kd5 46. Nf6+ Bxf6 47. exf6 Ke6 48. Kd4 Kxf6 49. Kd5 Kf7 50. Ke5 Ke7 51. Kd5 Kf6 52. Kd4 Ke6 53. Kc5 Kf6 54. Kd5 Ke7 55. Ke5 Kf7 56. Kd5 Kf6 57. Kd6 g5 58. fxg5+ Kxg5 59. Ke5 Kg6 60. Kf4 Kf6 61. Kf3 Ke5 62. Ke3 f4+ 63. Kf3 Kf5 64. Kf2 Ke4 65. Ke2 f3+ 66. Kf2 Kf4 67. Kf1 Kg3 68. Kg1 Kxh3 69. Kf2 Kg4 70. Kf1 Kg3 71. Kg1 f2+ 72. Kf1 h3 0-1

[Event "Rapid Shavuot-A 2023"]
[Site "Ramat Gan"]
[Date "2023.05.25"]
[Round "5.14"]
[White "Michaeli, Omri"]
[Black "Katz, Kiril"]
[Result "0-1"]
[ECO "B32"]
[WhiteElo "1874"]
[BlackElo "2016"]
[Annotator "NA RC"]
[PlyCount "118"]
[EventDate "2023.05.19"]
[EventType "swiss"]
[EventCountry "ISR"]
[SourceTitle "playchess.com"]
[Source "ChessBase"]
[SourceQuality "1"]
[TimeControl "900+5"]

1. e4 c5 2. Nf3 Nc6 3. d4 cxd4 4. Nxd4 e5 5. Nb5 a6 6. Nd6+ Bxd6 7. Qxd6 Qf6 8. Qd2 Nge7 9. Nc3 Qg6 10. f3 Nd4 11. Qf2 Qb6 12. Bc4 Qb4 13. Bd3 d6 14. a3 Qb6 15. O-O Be6 16. f4 f6 17. Be3 O-O 18. Rfd1 f5 19. Bxd4 Qxd4 20. Qxd4 exd4 21. Ne2 fxe4 22. Bxe4 Bf5 23. Bxf5 Nxf5 24. Nxd4 Ne3 25. Re1 Rxf4 26. Rxe3 Rxd4 27. Rae1 Rc8 28. Re8+ Rxe8 29. Rxe8+ Kf7 30. Re2 b5 31. Kf2 a5 32. Ke3 Rd5 33. Rd2 Rc5 34. c3 Ke6 35. Rd4 Rg5 36. g4 h5 37. h3 hxg4 38. hxg4 Re5+ 39. Kf3 Rd5 40. Ke4 Re5+ 41. Kf3 a4 42. c4 bxc4 43. Rxc4 Rb5 44. Rxa4 Rxb2 45. Ra7 g5 46. Ra6 Ke5 47. Ra5+ d5 48. Ra4 Rb3+ 49. Kf2 d4 50. Ra8 Kf4 51. Rd8 Ke4 52. a4 Rb2+ 53. Ke1 Ra2 54. Rg8 Ke3 55. Kd1 Ra1+ 56. Kc2 d3+ 57. Kc3 Rc1+ 58. Kb2 d2 59. Re8+ Kf4 0-1

[Event "Rapid Shavuot-A 2023"]
[Site "Ramat Gan"]
[Date "2023.05.25"]
[Round "5.15"]
[White "Kinberg, Ofer"]
[Black "Adar, Idan"]
[Result "0-1"]
[ECO "A62"]
[WhiteElo "1918"]
[BlackElo "2085"]
[Annotator "NA RC"]
[PlyCount "89"]
[EventDate "2023.05.19"]
[EventType "swiss"]
[EventCountry "ISR"]
[SourceTitle "playchess.com"]
[Source "ChessBase"]
[SourceQuality "1"]
[TimeControl "900+5"]

1. d4 Nf6 2. c4 c5 3. d5 e6 4. Nc3 exd5 5. cxd5 d6 6. g3 g6 7. Bg2 Bg7 8. Nf3 O-O 9. O-O Re8 10. Bf4 Bf5 11. Nd2 Nh5 12. Be3 Na6 13. Nde4 b5 14. Nd2 Rb8 15. Qc1 Nb4 16. Be4 Bxe4 17. Ndxe4 Nxd5 18. Nxd5 Rxe4 19. Rd1 Qe8 20. Qd2 Qc6 21. f3 Re6 22. Rac1 Rbe8 23. Re1 Re5 24. Rcd1 Rxd5 25. Qxd5 Qxd5 26. Rxd5 Rxe3 27. Rxd6 Bxb2 28. Kf1 c4 29. Rc6 Ra3 30. Rd1 Rxa2 31. Rd7 Nf6 32. Rdd6 Kg7 33. g4 h6 34. h4 Ra1+ 35. Kf2 a5 36. g5 hxg5 37. hxg5 Nh7 38. f4 c3 39. Rd7 Nf8 40. Rb7 Rd1 41. Rcc7 Rd7 42. Rxd7 Nxd7 43. Rxd7 c2 44. f5 gxf5 45. Ke1 0-1